[ AOE2 MATCH · #469375229 ]
UnrankedHuns vs Slavs
Player's team · LOSS
[ REPLAY ANALYSIS · EXTRACTED FROM THE RECORDED GAME ]
Feudal
—
Castle
—
Imperial
—
| APM avg | 5.0 |
| APM peak | 9 |
| eAPM avg | 4.0 |
| Villagers / military | 3 / 0 |
Focus
⚔️ 0.0% · 🌾 100.0%
Feudal
—
Castle
—
Imperial
—
| APM avg | 41.0 |
| APM peak | 45 |
| eAPM avg | 6.5 |
| Villagers / military | 6 / 0 |
Focus
⚔️ 0.0% · 🌾 100.0%
Feudal
—
Castle
—
Imperial
—
| APM avg | 14.0 |
| APM peak | 28 |
| eAPM avg | 6.0 |
| Villagers / military | 4 / 0 |
Focus
⚔️ 25.0% · 🌾 75.0%
Feudal
—
Castle
—
Imperial
—
| APM avg | 38.5 |
| APM peak | 46 |
| eAPM avg | 18.5 |
| Villagers / military | 5 / 0 |
Focus
⚔️ 33.3% · 🌾 66.7%
Feudal
—
Castle
—
Imperial
—
| APM avg | 14.0 |
| APM peak | 28 |
| eAPM avg | 14.0 |
| Villagers / military | 0 / 0 |
Feudal
—
Castle
—
Imperial
—
| APM avg | 67.5 |
| APM peak | 74 |
| eAPM avg | 17.0 |
| Villagers / military | 6 / 0 |
Focus
⚔️ 33.3% · 🌾 66.7%
Feudal
—
Castle
—
Imperial
—
| APM avg | 14.5 |
| APM peak | 29 |
| eAPM avg | 8.0 |
| Villagers / military | 4 / 0 |
Focus
⚔️ 0.0% · 🌾 100.0%
Feudal
—
Castle
—
Imperial
—
| APM avg | 4.5 |
| APM peak | 9 |
| eAPM avg | 4.5 |
| Villagers / military | 0 / 0 |
Match map
Initial resources + every placement click. Lines = walls · curves = elevation contours. ◆ gold · ⬟ stone · ● berries · ✦ relic · ◌ wall gap
Your base
pac.Padawan NL's base
Glyph's base
pac.Futuralis's base
Acaris Yameloyo's base
pac.Etwin O' Fliguter's base
SuperJorge's base
Chipi Chipi Chapa Chapa Dubi's base
Smoothed initial terrain · ◌ = detected wall gap · hover for details
Inputs per minute
— MANQUELINI - - pac.Padawan NL
Build order — MANQUELINI
3 actions detected in the replay
| 0:04 | Create | Villager (Male) |
| 0:05 | Create | Villager (Male) |
| 0:05 | Create | Villager (Male) |
Build order — pac.Padawan NL
6 actions detected in the replay
| 0:00 | Create | Villager (Male) ×4 |
| 0:04 | Build | House |
| 0:06 | Build | House |
| 1:22 | Create | Villager (Male) |
| 1:52 | Create | Villager (Male) |
| 1:55 | Build | Lumber Camp |
Build order — Glyph
3 actions detected in the replay
| 0:03 | Create | Villager (Male) ×4 |
| 0:05 | Build | House |
| 0:06 | Build | House |
Build order — pac.Futuralis
8 actions detected in the replay
| 0:02 | Create | Villager (Male) |
| 0:02 | Create | Villager (Male) |
| 0:03 | Build | House |
| 0:05 | Build | House |
| 0:33 | Create | Villager (Male) |
| 0:33 | Create | Villager (Male) |
| 0:56 | Build | Lumber Camp |
| 1:33 | Create | Villager (Male) |
Build order — Acaris Yameloyo
0 actions detected in the replay
Build order — pac.Etwin O' Fliguter
8 actions detected in the replay
| 0:02 | Create | Villager (Male) |
| 0:03 | Build | House |
| 0:08 | Build | House |
| 0:17 | Create | Villager (Male) |
| 0:17 | Create | Villager (Male) |
| 0:20 | Create | Villager (Male) |
| 1:28 | Create | Villager (Male) |
| 1:59 | Create | Villager (Male) |
Build order — SuperJorge
6 actions detected in the replay
| 0:08 | Create | Villager (Male) |
| 0:08 | Create | Villager (Male) |
| 0:10 | Build | House |
| 0:12 | Build | House |
| 0:21 | Create | Villager (Male) |
| 0:22 | Create | Villager (Male) |
Build order — Chipi Chipi Chapa Chapa Dubi
0 actions detected in the replay
Match timeline
| 0:01 | Chipi Chipi Chapa Chapa Dubi · resign |
[ AI ANALYSIS · 1 CREDIT ]
What really happened in this match?
Wolo.gg analyzes every decision: build order, eco, micro, common mistakes by bracket. Personalized analysis on WhatsApp or Discord in 30 seconds.
Civ guide
Huns
Perfil
Jugador #24353796